 Dungeon Crawl Stone Soup version 0.29.1-1-gd02db6906a (webtiles) character file.

Game seed: 8111915720360471431

9877 groovy9 the Protected (level 11, -3/85 HPs)
             Began as a Djinni Conjurer on Sept 28, 2022.
             Was a Priest of Makhleb.
             Slain by a spectral orc knight
             ... wielding a +2 great sword
             ... summoned by Nergalle
              (7 damage)
             ... on level 10 of the Dungeon.
             The game lasted 00:31:14 (11794 turns).

groovy9 the Protected (Djinni Conjurer)            Turns: 11794, Time: 00:31:15

Health: -3/85      AC: 19    Str:  6    XL:     11   Next: 82%
Gold:   714        EV: 14    Int: 24    God:    Makhleb [***...] SH:  0 Dex: 20

rFire   + + .      SeeInvis +   p - staff of conjuration
rCold   x . .      Faith    .   (no shield)
rNeg    . . .      Spirit   .   w - +5 ring mail "Wafigiqo" {Drain rCorr Dex+8 Stlth+}
rPois   ∞          Reflect  .   g - +0 helmet
rElec   .          Harm     .   j - +2 cloak
rCorr   +          Rampage  .   r - +1 pair of gloves {Stlth+}
Will    +....                   (boots unavailable)
Stlth   ++++......              (no amulet)
HPRegen 0.24/turn               n - ring of see invisible
MPRegen 0.00/turn               z - ring of wizardry

@: on blink cooldown, flying, studying Dodging
A: sickness immunity, fire resistance 2, cold vulnerability 1, float, innate
caster, HP casting, extra vitality 1
a: Renounce Religion, Minor Destruction, Lesser Servant of Makhleb


You were on level 10 of the Dungeon.
You worshipped Makhleb.
Makhleb was most pleased with you.
You visited 2 branches of the dungeon, and saw 11 of its levels.
You also visited: Sewer and Bailey.

You collected 714 gold pieces.

Inventory:

Hand Weapons
 d - a +1 dagger
 x - the +9 whip of the Blowfly {venom, Str-3 Int+3}
   (You found it in a bailey)

   It poisons the flesh of those it strikes.
   Str:       It affects your strength (-3).
   Int:       It affects your intelligence (+3).
Missiles
 u - 2 curare-tipped darts
Armour
 c - the +0 leather armour of Jetsell {Rampage Regen+}
   (You found it on level 4 of the Dungeon)

   Regen:     It increases your rate of health regeneration.
   Rampage:   It bestows one free step when moving towards enemies.
 g - a +0 helmet (worn)
 j - a +2 cloak (worn)
 r - a +1 pair of gloves of stealth (worn)
 w - the +5 ring mail "Wafigiqo" (worn) {Drain rCorr Dex+8 Stlth+}
   (You found it in a bailey)

   Dex:       It affects your dexterity (+8).
   rCorr:     It protects you from acid and corrosion.
   Drain:     It drains your maximum health when unequipped.
   Stlth:     It makes you more stealthy.
Magical Staves
 p - a staff of conjuration (weapon)
Jewellery
 n - a ring of see invisible (left hand)
 y - a +6 ring of strength
 z - a ring of wizardry (right hand)
Wands
 v - a wand of iceblast (7)
 A - a wand of flame (13)
 B - a wand of digging (7)
 C - a wand of mindburst (5)
 D - a wand of paralysis (5)
Scrolls
 b - 2 scrolls of vulnerability
 i - 2 scrolls of enchant weapon
 k - a scroll of torment
 m - a scroll of magic mapping
 o - 3 scrolls of fear
 s - a scroll of enchant armour
Potions
 a - 2 potions of resistance
 e - a potion of heal wounds
 f - a potion of attraction
 h - 8 potions of curing
 q - 2 potions of might
 t - 2 potions of cancellation


   Skills:
 + Level 9.7 Fighting
 - Level 10.0 Armour
 * Level 9.1 Dodging
 - Level 1.5 Stealth
 + Level 8.2 Spellcasting


You couldn't memorise any spells.
You knew the following spells:

 Your Spells              Type           Power      Damage    Failure   Level
a - Magic Dart            Conj           100%       1d8       1%          1
b - Searing Ray           Conj           100%       2d8       1%          2
c - Dazzling Flash        Conj/Hex       100%       N/A       1%          3
d - Fulminant Prism       Conj/Hex       32%        3d16      2%          4
e - Iskenderun's Mystic   Conj/Tloc      65%        2d13      2%          4
f - Beastly Appendage     Tmut           98%        N/A       1%          1
g - Wereblood             Tmut           49%        N/A       1%          2
h - Blink                 Tloc           98%        N/A       1%          2
i - Call Canine Familiar  Summ           49%        N/A       1%          3
j - Cause Fear            Hex            24%        N/A       2%          4
Your spell library was empty.

Dungeon Overview and Level Annotations

Branches:
Dungeon (10/15)            Temple (1/1) D:4            Lair (0/5) D:10
  Sewer (visited)          Bailey (visited)
    Orc: D:9-12

Altars:
Ashenzari
Cheibriados
Dithmenos
Elyvilon
Fedhas
Gozag
Hepliaklqana
Makhleb
Nemelex Xobeh
Okawaru
Qazlal
Ru
Trog
Uskayaw
Wu Jian
Xom
Yredelemnul
Zin
The Shining One
Lugonu

Annotations:
D:10 Nergalle


Innate Abilities, Weirdness & Mutations

You are immune to sickness and miasma.
You are immune to poison.
Your flesh is very heat resistant. (rF++)
You are vulnerable to cold. (rC-)
You float through the air rather than walking.
You learn spells naturally, not from books.
Your magical power is your life essence.
You have superior vitality. (+4 MHP)


Message History

Casting: Iskenderun's Mystic Blast (dangerous; 2% risk of failure)
Confirm with . or Enter, or press ? or * to list all spells.
You feel a surge of power!
You erupt in a blast of force!
The mystic blast hits the spectral orc warrior!
The spectral orc warrior is moderately damaged.
The spectral orc warrior is knocked back by the mystic blast.
The mystic blast hits the spectral orc knight!
The spectral orc knight is moderately damaged.
The spectral orc knight is knocked back by the mystic blast.
Casting: Iskenderun's Mystic Blast (dangerous; 2% risk of failure)
Confirm with . or Enter, or press ? or * to list all spells.
You feel a surge of power!
You erupt in a blast of force!
The mystic blast hits the spectral orc knight!
The spectral orc knight is heavily damaged.
The spectral orc knight is knocked back by the mystic blast.
The mystic blast hits the spectral orc warrior.
The spectral orc warrior is heavily damaged.
The spectral orc warrior is knocked back by the mystic blast.
You hear a roar!
Casting: Iskenderun's Mystic Blast (dangerous; 2% risk of failure)
Confirm with . or Enter, or press ? or * to list all spells.
The spectral orc warrior hits you from afar with a +0 trident!
* * * LOW HITPOINT WARNING * * *
Casting: Call Canine Familiar (safe; 1% risk of failure)
Confirm with . or Enter, or press ? or * to list all spells.
You blink.
* * * LOW HITPOINT WARNING * * *
The spectral orc warlord closely misses you.
The spectral orc warrior hits your wolf with a +0 trident.
The spectral orc warrior drains your wolf.
Casting: Blink (safe; 1% risk of failure)
Confirm with . or Enter, or press ? or * to list all spells.
You blink.
* * * LOW HITPOINT WARNING * * *
Your wolf bites the spectral orc warrior!
The spectral orc warlord hits you with a +2 battleaxe of venom!
* * * LOW HITPOINT WARNING * * *
The spectral orc warrior hits your wolf with a +0 trident.
The spectral orc knight hits you with a +2 great sword!
You die...

#.......... ########
#..........# #.......
#..........# #.......
#..........# #.......
#...$......####.......
#Zh........#..'.......
#..§.......#.##.......
#..........#.##.......
#...Z@Z§...'.##.......
#...^......####.......
#..........# #####'##
###.######## #.# #..#
#.## ..... #... ...
#### #...


You could see a spectral orc warrior (summoned, distracted, ally target), a
spectral orc knight (summoned), a spectral orc warlord (summoned) and a friendly
wolf (summoned, drained).

Vanquished Creatures
  2 two-headed ogres
  A deep elf pyromancer (Bailey)
  An orc knight (Bailey)
  Pikel (D:9)
  Psyche (D:10)
  A hornet (D:10)
  4 slime creatures (D:10)
  13 yaks
  A wyvern (D:8)
  An acid dragon (D:10)
  2 sky beasts
  7 orc warriors
  4 black bears
  An ice beast (D:6)
  3 ogres (D:5)
  4 centaurs
  A lemure (D:9)
  4 kobold brigands
  4 bullfrogs
  A gnoll sergeant (D:5)
  2 scorpions (D:10)
  A necrophage (D:6)
  9 wights (D:8)
  5 howler monkeys
  A hound (D:6)
  A jelly (D:7)
  2 gnoll boudas (D:5)
  A hell rat (Sewer)
  Natasha (twice) (D:3)
  2 iguanas
  An orc wizard (D:9)
  10 gnolls (D:5)
  4 adders
  4 river rats
  A shadow imp (D:5)
  A white imp (D:6)
  An ufetubus (D:5)
  5 worms
  7 dart slugs
  11 orcs
  5 bats
  4 endoplasms
  4 goblins
  4 hobgoblins
  3 jackals (D:1)
  21 kobolds
  6 quokkas
  10 ball pythons
  4 frilled lizards
  9 rats
  A fulminant prism (D:10)
199 creatures vanquished.

Vanquished Creatures (others)
  A fulminant prism (D:10)
  16 fungi (D:10)
  26 plants
43 creatures vanquished.

Grand Total: 242 creatures vanquished

Notes
Turn   | Place    | Note
-------+----------+-------------------------------------------
     0 | D:1      | groovy9 the Djinni Conjurer began the quest for the Orb.
     0 | D:1      | groovy9 set off with the following spells memorised: Magic
                  | Dart, Searing Ray, Dazzling Flash, Fulminant Prism,
                  | Iskenderun's Mystic Blast.
     0 | D:1      | Reached XP level 1. HP: 15/15 MP: 0/0
   250 | D:1      | Reached skill level 1 in Fighting
   250 | D:1      | Reached XP level 2. HP: 18/22 MP: 0/0
   698 | D:1      | Reached XP level 3. HP: 25/27 MP: 0/0
   698 | D:1      | Learned a level 1 spell: Beastly Appendage
  1632 | D:2      | Found a broken altar of Ashenzari.
  2077 | D:2      | Reached XP level 4. HP: 28/33 MP: 0/0
  2624 | D:3      | Noticed Natasha
  2632 | D:3      | Killed Natasha
  2975 | D:3      | Found a stormy altar of Qazlal.
  3108 | D:3      | Noticed Natasha
  3112 | D:3      | Killed Natasha
  3113 | D:3      | Reached XP level 5. HP: 35/40 MP: 0/0
  3113 | D:3      | Learned a level 2 spell: Wereblood
  3759 | D:4      | Identified the +0 leather armour of Jetsell {Rampage
                  | Regen+}
  3851 | D:4      | Identified a scroll of acquirement
  3851 | D:4      | Acquired a manual of Dodging
  3912 | D:4      | Found a staircase to the Ecumenical Temple.
  3949 | Temple   | Entered the Ecumenical Temple
  3973 | Temple   | Became a worshipper of Makhleb the Destroyer
  4152 | D:4      | Found a hazy altar of Hepliaklqana.
  4296 | D:4      | Found a sacrificial altar of Ru.
  4689 | D:5      | Entered Level 5 of the Dungeon
  4912 | D:5      | Found a glowing drain.
  4916 | Sewer    | Entered a sewer
  4929 | Sewer    | Reached XP level 6. HP: 44/46 MP: 0/0
  5202 | D:5      | Noticed an ogre
  5207 | D:5      | Reached * piety under Makhleb
  5212 | D:5      | Reached XP level 7. HP: 46/53 MP: 0/0
  5212 | D:5      | Learned a level 2 spell: Blink
  5216 | D:5      | Reached skill level 5 in Spellcasting
  5220 | D:5      | Reached skill level 5 in Fighting
  5301 | D:5      | Found a sparkling altar of Nemelex Xobeh.
  5303 | D:5      | Found a basalt altar of Yredelemnul.
  5304 | D:5      | Found an iron altar of Okawaru.
  5304 | D:5      | Found a blossoming altar of Fedhas.
  5305 | D:5      | Found a shimmering altar of Xom.
  5305 | D:5      | Found a white marble altar of Elyvilon.
  5305 | D:5      | Found a glowing golden altar of the Shining One.
  5500 | D:5      | Reached XP level 8. HP: 59/61 MP: 0/0
  6586 | D:6      | Reached XP level 9. HP: 67/68 MP: 0/0
  6586 | D:6      | Learned a level 3 spell: Call Canine Familiar
  7287 | D:7      | Found a glowing silver altar of Zin.
  7420 | D:7      | Found a shadowy altar of Dithmenos.
  8170 | D:8      | Found a flagged portal.
  8178 | Bailey   | Entered a bailey
  8213 | Bailey   | Reached ** piety under Makhleb
  8287 | Bailey   | Noticed an orc knight
  8304 | Bailey   | Killed an orc knight
  8305 | Bailey   | Reached XP level 10. HP: 52/78 MP: 0/0
  8354 | Bailey   | Found a large runed translucent door.
  8354 | Bailey   | Found a large runed translucent door.
  8355 | Bailey   | Noticed a deep elf pyromancer
  8458 | Bailey   | Killed a deep elf pyromancer
  8491 | Bailey   | Identified the +5 ring mail "Wafigiqo" {Drain rCorr Dex+8
                  | Stlth+}
  8493 | Bailey   | Identified the +9 whip of the Blowfly {venom, Str-3 Int+3}
  8573 | D:8      | Reached skill level 1 in Armour
  8581 | D:8      | Reached skill level 2 in Armour
  8722 | D:8      | Reached skill level 3 in Armour
  8725 | D:8      | Reached skill level 4 in Armour
  8728 | D:8      | Reached skill level 5 in Armour
  8908 | D:8      | Noticed a two-headed ogre
  8913 | D:8      | Killed a two-headed ogre
  8914 | D:8      | Reached skill level 7 in Armour
  9013 | D:8      | Reached XP level 11. HP: 70/85 MP: 0/0
  9013 | D:8      | Learned a level 4 spell: Cause Fear
  9379 | D:8      | Found a bloodstained altar of Trog.
 10457 | D:9      | Noticed Pikel
 10463 | D:9      | Killed Pikel
 10464 | D:9      | Reached skill level 8 in Armour
 10736 | D:10     | Entered Level 10 of the Dungeon
 10742 | D:10     | Reached skill level 9 in Armour
 10742 | D:10     | Reached *** piety under Makhleb
 10876 | D:10     | Noticed a two-headed ogre
 10881 | D:10     | Killed a two-headed ogre
 10882 | D:10     | Reached skill level 10 in Armour
 10888 | D:10     | Reached skill level 5 in Dodging
 11621 | D:10     | Noticed Psyche
 11624 | D:10     | Killed Psyche
 11695 | D:10     | Found a staircase to the Lair.
 11769 | D:10     | Noticed Nergalle
 11775 | D:10     | Noticed a spectral orc warlord
 11794 | D:10     | HP: 4/85 [spectral orc warlord/+2 battleaxe of
                  | venom[Nergalle] (12)]
 11794 | D:10     | Slain by a spectral orc knight

Illustrated notes

Levels and vault maps discovered:
D:1:      kennysheep_arrival_forest, layout_loops_ring
D:2:      layout_loops_ring, basic_altar
D:3:      layout_basic, mainiacjoe_overflow_paths, uniq_natasha
D:4:      layout_rooms, mainiacjoe_overflow_six_doors_small,
          mainiacjoe_overflow_24_doors, minmay_temple_entry_statues_fountains,
          serial_co_window_serial, co_window_of_opportunity_a,
          co_window_paths_a, co_window_of_opportunity_a, co_window_corner_a,
          co_window_paths_a, co_window_corner_b, co_window_corner_ca,
          co_window_broadway_a, co_window_unsneaky_path_a, co_window_corner_b,
          co_window_paths_d, co_window_4corner_a
D:5:      layout_loops_corners, grunt_temple_overflow_open,
          gup_sewer_entry_spiral, dreamdust_mushroom_princess,
          nicolae_grassy_gnolls
D:6:      layout_layer_cave, mainiacjoe_overflow_concentric_impassable
D:7:      layout_basic, general_overflow_altar, grunt_dithmenos_smoke
D:8:      layout_layer_cave, trog_book, enter_bailey_2
D:9:      layout_cave_pods, minivault_11, uniq_pikel
D:10:     layout_roguey, grunt_lair_entry_orc_guard_hut, uniq_psyche,
          uniq_nergalle
Temple:   corrupted_temple

Skill      XL: |  1  2  3  4  5  6  7  8  9 10 11 |
---------------+----------------------------------+-----
Fighting       | 1 2 3 4 5 7 9 |  9.7
Spellcasting   | 4 5 6 7 8 |  8.2
Armour         | 7 10 | 10.0
Dodging        | 9 |  9.1
Stealth        | |  1.5

Action                   |  1- 3 |  4- 6 |  7- 9 | 10-12 || total
-------------------------+-------+-------+-------+-------++-------
 Cast: Magic Dart        |    35 |    45 |    37 |    56 ||   173
       Searing Ray       |    15 |    34 |    41 |    34 ||   124
       Iskenderun's Myst |       |     1 |    29 |    58 ||    88
       Call Canine Famil |       |       |       |     2 ||     2
       Beastly Appendage |       |       |       |     1 ||     1
       Blink             |       |       |       |     2 ||     2
       Fulminant Prism   |       |       |       |     2 ||     2
  Use: Scroll            |       |    11 |    10 |     4 ||    25
       Potion            |       |       |     2 |     1 ||     3
Armor: Leather armour    |       |     7 |    13 |       ||    20
       Robe              |       |     3 |       |       ||     3
       Ring mail         |       |       |       |     4 ||     4
Dodge: Dodged            |       |    19 |    11 |    17 ||    47
